 Dungeon Crawl Stone Soup version 0.26.0-45-g9c1d065592 (webtiles) character file.

Game seed: 12881802764472853464

21184 DearestLeader the Geomancer (level 12, -3/71 HPs)
             Began as a Gargoyle Earth Elementalist on Jan 26, 2021.
             Was an Elder of Vehumet.
             Slain by a boulder beetle (16 damage)
             ... on level 3 of the Lair of Beasts on Jan 27, 2021.
             The game lasted 00:36:59 (17641 turns).

DearestLeader the Geomancer (GrEE)                 Turns: 17641, Time: 00:37:00

Health: -3/71      AC: 13    Str: 11    XL:     12   Next: 87%
Magic:  7/24       EV: 13    Int: 22    God:    Vehumet [****..]
Gold:   953        SH: 10    Dex: 16    Spells: 14/28 levels left

rFire    + . .     SeeInvis +   D - +1 whip of Disharmony {speed, rC+} (curse)
rCold    + + .     Faith    .   F - +0 buckler
rNeg     + . .     Spirit   .   v - +1 robe {rC+}
rPois    ∞         Reflect  +   a - +1 hat {SInv}
rElec    +         Harm     .   n - scarf {+Inv}
rCorr    .         Rampage  .   c - +0 pair of gloves
Will     .....                  (no boots)
Stlth    ++........             M - amulet of reflection
HPRegen  0.21/turn              x - +6 ring of dexterity
MPRegen  0.19/turn              J - ring of protection from fire

@: about to teleport
A: negative energy resistance 1, electricity resistance, unbreathing,
petrification resistance, miasma immunity, AC +8
a: Renounce Religion, Evoke Invisibility


You were on level 3 of the Lair of Beasts.
You worshipped Vehumet.
Vehumet was greatly pleased with you.
You visited 3 branches of the dungeon, and saw 15 of its levels.

You collected 953 gold pieces.

Inventory:

Hand Weapons
 z - a +2 whip of venom
 D - the cursed +1 whip of Disharmony (weapon) {speed, rC+}
   (You found it on level 3 of the Lair of Beasts)

   Attacks with this weapon are significantly faster.
   It protects you from cold.
   It has a curse placed upon it.
Missiles
 b - 267 stones
Armour
 a - a +1 hat of see invisible (worn)
 c - a +0 pair of gloves (worn)
 n - a scarf of invisibility (worn)
 v - a +1 robe of cold resistance (worn)
 F - a +0 buckler (worn)
Magical Staves
 O - an uncursed staff of conjuration
Jewellery
 x - a +6 ring of dexterity (left hand)
 J - a ring of protection from fire (right hand)
 M - an amulet of reflection (around neck)
 N - an uncursed ring of flight
Wands
 q - a wand of polymorph (6)
 y - a wand of random effects (42)
 A - a wand of enslavement (9)
 B - a wand of flame (41)
 C - a wand of acid (9)
 H - a wand of paralysis (19)
 I - a wand of digging (1)
 K - a wand of iceblast (4)
Scrolls
 e - 3 scrolls of fear
 f - 3 scrolls of noise
 h - 4 scrolls of fog
 m - 3 scrolls of enchant armour
 p - 13 scrolls of teleportation
 r - 3 scrolls of amnesia
 s - 5 scrolls of remove curse
 u - 5 scrolls of enchant weapon
 L - a scroll of silence
Potions
 d - 4 potions of heal wounds
 g - 4 potions of magic
 i - 3 potions of brilliance
 j - 4 potions of degeneration {unknown}
 k - a potion of invisibility
 l - 7 potions of curing
 o - 3 potions of berserk rage
 t - a potion of haste {unknown}
 w - 2 potions of attraction
 E - 2 potions of lignification {unknown}
 G - a potion of ambrosia {unknown}


   Skills:
 + Level 6.8 Fighting
 - Level 2.0 Dodging
 - Level 2.1 Stealth
 - Level 4.0 Shields
 + Level 8.7 Spellcasting
 * Level 11.0 Conjurations
 - Level 0.7 Transmutations
 - Level 6.0 Ice Magic
 + Level 14.9 Earth Magic


You had 14 spell levels left.
You knew the following spells:

 Your Spells              Type           Power        Failure   Level
a - Sandblast             Erth           100%         0%          1
b - Passwall              Tmut/Erth      36%          1%          2
c - Stone Arrow           Conj/Erth      100%         1%          3
d - Lee's Rapid Deconstr  Erth           33%          1%          5
e - Frozen Ramparts       Ice            72%          1%          3

Your spell library contained the following spells:

 Spells                   Type           Power        Failure   Level
 Iskenderun's Mystic Bla  Conj/Tloc      33%          1%          4
 Freeze                   Ice            100%         1%          1
 Dazzling Flash           Conj/Hex       66%          1%          3
 Ozocubu's Armour         Ice            36%          1%          3
 Hailstorm                Conj/Ice       47%          1%          4
 Petrify                  Tmut/Erth      44%          2%          4
 Ensorcelled Hibernation  Hex/Ice        44%          3%          2
 Animate Skeleton         Necr           18%          7%          1
 Corona                   Hex            10%          7%          1
 Pain                     Necr           36%          7%          1
 Confusing Touch          Hex            9%           21%         3
 Tukima's Dance           Hex            9%           21%         3
 Vampiric Draining        Necr           4%           21%         3
 Summon Ice Beast         Ice/Summ       22%          21%         4
 Animate Dead             Necr           4%           56%         4
 Agony                    Necr           9%           88%         5


Dungeon Overview and Level Annotations

Branches:
Dungeon (11/15)            Temple (1/1) D:7            Lair (3/6) D:8
 Shoals (0/4) Lair:3       Spider (0/4) Lair:3          Orc (0/2) D:9

Altars:
Ashenzari
Cheibriados
Dithmenos
Elyvilon
Fedhas
Gozag
Hepliaklqana
Kikubaaqudgha
Makhleb
Nemelex Xobeh
Okawaru
Qazlal
Ru
Sif Muna
Trog
Uskayaw
Vehumet
Wu Jian
Xom
Yredelemnul
Zin
The Shining One

Shops:
D:7 }


Innate Abilities, Weirdness & Mutations

You are resistant to torment.
Your stone body is resilient. (AC +8)
You are immune to poison.
You resist negative energy. (rN+)
You are resistant to electric shocks. (rElec)
You can survive without breathing.
You are immune to petrification.
You are immune to miasma.


Message History

The boulder beetle bites you!
Casting: Lee's Rapid Deconstruction (safe; 1% risk of failure)
Confirm with . or Enter, or press ? or * to list all spells.
Aiming: Lee's Rapid Deconstruction (safe; 1% risk of failure)
Press: ? - help, Dir - move target A rock wall.
The wall shatters!
The blast of rock fragments hits the boulder beetle.
The boulder beetle is lightly wounded.
The blast of rock fragments hits the boulder beetle!
The boulder beetle is lightly wounded.
The boulder beetle bites you!
* * * LOW HITPOINT WARNING * * *
The boulder beetle bites you.
* * * LOW HITPOINT WARNING * * *
Unknown command.
Okay, then.
As you read the scroll of teleportation, it crumbles to dust.
You feel strangely unstable. The boulder beetle bites you!
You die...

###....#.........................
##.............................
#....##..##..#..<##.##.........
####....######.#########..#####..
.......## ###'# #.........
.......## ##...## #.#.......
.##.....# #.###.# ##.........
........# ##...†## #..#.......
....#..## ####.@### ##......#..
....#..# ##BB.## #...+###...
.......## ##.#.# ##.........
.#.#....# ##...## #..........
.......## #B#### #P.........
.##.##.P# #'''# ##....###.#
####.#.## #...# #......####
##..## ##+## ##....## ## ##<.#
S§=§≈ #....# #.


You could see 2 boulder beetles.

Vanquished Creatures
  Gastronok (Lair:3)
  2 hydras
  Sonja (Lair:3)
  3 merfolk sirens (Lair:3)
  6 elephants (Lair:3)
  Joseph (D:8)
  A black mamba (Lair:3)
  3 cane toads (Lair:1)
  3 komodo dragons
  2 jumping spiders (Lair:3)
  A troll (D:10)
  A merfolk (Lair:3)
  2 hornets (D:9)
  8 blink frogs
  2 redbacks (Lair:3)
  3 wyverns (D:8)
  17 yaks
  2 basilisks (Lair:1)
  A warg (D:9)
  A soldier ant (D:10)
  10 water moccasins
  3 sky beasts
  4 orc warriors
  2 black bears
  4 wolves (Lair:1)
  2 phantoms
  An ice beast (D:9)
  4 ogres
  A centaur (D:10)
  9 bullfrogs
  2 gnoll sergeants (D:10)
  A scorpion (D:4)
  5 wights (D:8)
  6 howler monkeys
  2 electric eels (Lair:2)
  3 bullfrog zombies
  5 hounds
  4 jellies
  A quasit (D:9)
  A bullfrog skeleton (D:10)
  A gnoll shaman (D:4)
  6 orc priests
  14 orc wizards
  A centaur skeleton (D:8)
  3 iguanas
  Natasha (thrice) (D:3)
  6 worker ants
  A killer bee zombie (D:9)
  A hound skeleton (D:6)
  3 worker ant zombies
  16 adders
  14 gnolls
  4 shadow imps
  2 ufetubi
  5 oozes
  2 adder zombies
  An adder skeleton (D:7)
  A worm (D:3)
  3 dart slugs
  4 leopard geckos
  43 orcs
  2 giant cockroaches
  8 goblins
  10 hobgoblins
  11 jackals
  7 quokkas
  2 ball pythons
  5 bats
  8 frilled lizards
  A giant cockroach zombie (D:3)
  8 kobolds
  A leopard gecko skeleton (D:5)
  9 rats
337 creatures vanquished.

Vanquished Creatures (others)
  2 bushes (D:8)
  14 fungi
  21 plants
  4 toadstools (D:5)
41 creatures vanquished.

Grand Total: 378 creatures vanquished

Notes
Turn   | Place    | Note
-------+----------+-------------------------------------------
     0 | D:1      | DearestLeader the Gargoyle Earth Elementalist began the
                  | quest for the Orb.
     0 | D:1      | Reached XP level 1. HP: 10/10 MP: 3/3
   187 | D:1      | Reached skill level 4 in Earth Magic
   423 | D:1      | Reached XP level 2. HP: 15/15 MP: 5/5
  1496 | D:1      | Reached XP level 3. HP: 19/19 MP: 6/6
  1687 | D:2      | Reached skill level 5 in Earth Magic
  2160 | D:2      | Learned a level 2 spell: Passwall
  2164 | D:2      | Learned a level 3 spell: Stone Arrow
  2439 | D:2      | Reached XP level 4. HP: 24/24 MP: 4/7
  2655 | D:3      | Reached skill level 1 in Fighting
  2655 | D:3      | Reached skill level 6 in Earth Magic
  2758 | D:3      | Noticed Natasha
  2762 | D:3      | Reached XP level 5. HP: 29/29 MP: 6/8
  2765 | D:3      | Killed Natasha
  2847 | D:3      | Noticed Natasha
  2851 | D:3      | Killed Natasha
  2852 | D:3      | Reached skill level 7 in Earth Magic
  2927 | D:3      | You fall into a shaft and drop 3 floors!
  2980 | D:6      | Noticed an ogre
  2985 | D:6      | Killed an ogre
  2986 | D:6      | Reached XP level 6. HP: 34/34 MP: 2/9
  3084 | D:6      | Reached skill level 8 in Earth Magic
  3183 | D:5      | Entered Level 5 of the Dungeon
  3288 | D:4      | Reached skill level 9 in Earth Magic
  3353 | D:4      | Reached XP level 7. HP: 38/38 MP: 7/10
  4115 | D:3      | Noticed Natasha
  4123 | D:3      | Killed Natasha
  4434 | D:4      | Reached skill level 10 in Earth Magic
  5564 | D:5      | Reached XP level 8. HP: 43/43 MP: 9/11
  5906 | D:5      | Learned a level 5 spell: Lee's Rapid Deconstruction
  6057 | D:5      | Found a hazy altar of Hepliaklqana.
  6146 | D:5      | Reached skill level 11 in Earth Magic
  7031 | D:6      | Found a glowing golden altar of the Shining One.
  7573 | D:7      | Found a sparkling altar of Nemelex Xobeh.
  7684 | D:7      | Reached skill level 12 in Earth Magic
  7688 | D:7      | Learned a level 3 spell: Frozen Ramparts
  7741 | D:7      | Found a staircase to the Ecumenical Temple.
  7751 | Temple   | Entered the Ecumenical Temple
  7756 | Temple   | Became a worshipper of Vehumet
  7872 | D:7      | Found Kutamuesk's Gadget Shop.
  7936 | D:7      | Found a bloodstained altar of Trog.
  8245 | D:8      | Reached skill level 1 in Ice Magic
  8254 | D:8      | Noticed Joseph
  8269 | D:8      | Killed Joseph
  8270 | D:8      | Reached XP level 9. HP: 29/48 MP: 8/15
  8368 | D:7      | Reached skill level 5 in Spellcasting
  8368 | D:7      | Reached skill level 5 in Ice Magic
  8578 | D:8      | Found a staircase to the Lair.
  8622 | D:8      | Reached * piety under Vehumet
  8622 | D:8      | Offered knowledge of Foxfire by Vehumet.
  8790 | D:8      | Reached XP level 10. HP: 47/53 MP: 10/18
  9050 | D:8      | Reached skill level 1 in Conjurations
  9050 | D:8      | Reached skill level 13 in Earth Magic
  9352 | D:8      | Found a glowing silver altar of Zin.
  9682 | D:8      | Found an opulent altar of Gozag.
 10042 | D:9      | Reached ** piety under Vehumet
 10042 | D:9      | Offered knowledge of Searing Ray by Vehumet.
 10569 | D:9      | Found a shimmering blue altar of Sif Muna.
 10657 | D:9      | Found a bloodstained altar of Trog.
 10758 | D:9      | Found a staircase to the Orcish Mines.
 10832 | D:9      | Found a blossoming altar of Fedhas.
 10929 | D:9      | Reached skill level 5 in Conjurations
 11245 | D:10     | Entered Level 10 of the Dungeon
 11620 | D:10     | Offered knowledge of Static Discharge by Vehumet.
 11731 | D:10     | Reached XP level 11. HP: 48/62 MP: 15/20
 11855 | D:10     | Reached *** piety under Vehumet
 12028 | D:10     | Reached skill level 5 in Fighting
 12720 | Lair:1   | Entered Level 1 of the Lair of Beasts
 12773 | Lair:1   | Reached skill level 1 in Shields
 13283 | Lair:1   | Noticed a six-headed hydra
 13299 | Lair:1   | Killed a six-headed hydra
 13726 | Lair:1   | Offered knowledge of Olgreb's Toxic Radiance by Vehumet.
 14426 | Lair:1   | Upgraded the game from 0.26.0-41-g79a4fc7684 to
                  | 0.26.0-45-g9c1d065592
 14495 | Lair:2   | Noticed a seven-headed hydra
 14853 | Lair:1   | Reached skill level 14 in Earth Magic
 14992 | Lair:1   | HP: 3/63 [cane toad (17)]
 15375 | Lair:2   | Killed a seven-headed hydra
 15376 | Lair:2   | Reached XP level 12. HP: 68/68 MP: 12/23
 16202 | Lair:3   | Found a runed translucent door.
 16232 | Lair:3   | Reached **** piety under Vehumet
 16313 | Lair:3   | Noticed Sonja
 16318 | Lair:3   | Killed Sonja
 16319 | Lair:3   | Reached skill level 10 in Conjurations
 16595 | Lair:3   | Offered knowledge of Iskenderun's Mystic Blast by Vehumet.
 16662 | Lair:3   | Noticed Gastronok
 16677 | Lair:3   | Killed Gastronok
 17022 | Lair:3   | Found a staircase to the Shoals.
 17419 | Lair:3   | Found a hole to the Spider Nest.
 17593 | Lair:3   | Got a crude whip
 17614 | Lair:3   | Identified the cursed +1 whip of Disharmony {speed, rC+}
                  | (You found it on level 3 of the Lair of Beasts)
 17627 | Lair:3   | Noticed a boulder beetle
 17628 | Lair:3   | Noticed a boulder beetle
 17641 | Lair:3   | Slain by a boulder beetle

Illustrated notes

Levels and vault maps discovered:
D:1:      onia_arrival_pyramid, layout_basic
D:2:      layout_rooms
D:3:      layout_rooms, kennysheep_decorative_pillar, grunt_ministairs_15,
          saegor_snake_ambush, uniq_natasha
D:4:      layout_basic
D:5:      layout_basic, nicolae_overflow_crystal_walls, minmay_gold_behind_fungi
D:6:      layout_basic, tso_metal_star
D:7:      layout_cave_pools, nemelex_xobeh_ov_fountains_minmay,
          minmay_temple_entry_statues_pillars, serial_shops, shop,
          trog_hazing_becter
D:8:      layout_loops_ring, pdpol_temple_overflow_zin_treasury_gozag_greed,
          minmay_lair_entry_grove, kennysheep_windowed_goal, uniq_joseph
D:9:      layout_loops_ring, nicolae_overflow_hidden_temple,
          kennysheep_little_box, led_sif_book, erik_orc_4
D:10:     layout_basic
D:11:     layout_roguey, biasface_ghost_orc_armoury
Temple:   minmay_freezing_vapour_temple
Lair:1:   layout_layer_cave
Lair:2:   layout_cave_shapes, grunt_megastairs_2, infiniplex_staircase_pool,
          serial_bayou_shore_b
Lair:3:   gammafunk_indiana_jones, layout_chaotic_city,
          elwin_shoals_entry_stream, spider_nest_entry_funnel_web,
          serial_bayou_pond_a, grunt_megastairs_5, uniq_sonja, uniq_gastronok

Skill      XL: |  1  2  3  4  5  6  7  8  9 10 11 12 |
---------------+-------------------------------------+-----
Earth Magic    | 4 5 6 7 9 10 12 13 14 | 14.9
Fighting       | 1 2 4 5 6 |  6.8
Spellcasting   | 4 5 6 7 8 |  8.7
Dodging        | 2 |  2.0
Ice Magic      | 2 5 6 |  6.0
Conjurations   | 5 9 11 | 11.0
Shields        | 4 |  4.0
Stealth        | |  2.1
Transmutations | |  0.7

Action                   |  1- 3 |  4- 6 |  7- 9 | 10-12 || total
-------------------------+-------+-------+-------+-------++-------
Melee: Dagger            |   126 |    44 |   340 |       ||   510
       Whip              |       |       |    47 |   312 ||   359
       Staff             |       |       |       |     1 ||     1
 Cast: Sandblast         |    25 |    40 |   122 |    94 ||   281
       Frozen Ramparts   |       |       |     3 |     4 ||     7
       Stone Arrow       |       |       |     1 |    98 ||    99
       Lee's Rapid Decon |       |       |       |    31 ||    31
  Use: Scroll            |       |       |     8 |    10 ||    18
       Potion            |       |       |     1 |     1 ||     2
 Stab: Sleeping          |     5 |       |     2 |     1 ||     8
       Distracted        |     1 |       |       |       ||     1
Armor: Robe              |    37 |    16 |   166 |   200 ||   419
Dodge: Dodged            |    85 |    29 |   281 |   292 ||   687
Block: Buckler           |       |       |       |    55 ||    55
       Other             |       |       |       |     7 ||     7
       Reflection        |       |       |       |     2 ||     2
